 Dungeon Crawl Stone Soup version 0.27.0-1-g7a089689b8 (webtiles) character file.

Game seed: 13222994777361721595

1169 bande the Covered (level 8, -4/48 HPs)
             Began as a Gargoyle Fighter on Aug 1, 2021.
             Killed from afar by a steam dragon (18 damage)
             ... with a ball of steam
             ... on level 6 of the Dungeon.
             The game lasted 00:12:15 (7255 turns).

bande the Covered (Gargoyle Fighter)                Turns: 7255, Time: 00:12:16

Health: -4/48      AC: 15    Str: 22    XL:     8   Next: 40%
Magic:  0/8        EV:  6    Int:  8    God:
Gold:   220        SH: 11    Dex: 16    Spells: 7/7 levels left

rFire    . . .     SeeInvis +   a - +0 war axe
rCold    . . .     Faith    .   c - +1 kite shield
rNeg     + . .     Spirit   +   m - +0 chain mail
rPois    ∞         Reflect  .   (no helmet)
rElec    +         Harm     .   (no cloak)
rCorr    .         Rampage  .   (no gloves)
Will     .....                  (no boots)
Stlth    ..........             x - amulet of guardian spirit
HPRegen  0.16/turn              h - ring of see invisible
MPRegen  0.11/turn              q - +6 ring of dexterity

@: no status effects
A: sickness immunity, AC +5, negative energy resistance 1, electricity
resistance, torment resistance 1, petrification resistance, MP-powered wands
a: no special abilities


You were on level 6 of the Dungeon.
You visited 1 branch of the dungeon, and saw 6 of its levels.

You collected 220 gold pieces.

Inventory:

Hand Weapons
 a - a +0 war axe (weapon)
 e - a +2 mace of holy wrath
 r - a +0 flail
Armour
 c - a +1 kite shield (worn)
 m - a +0 chain mail (worn)
 t - a +0 cloak
Jewellery
 b - a +6 ring of intelligence
 h - a ring of see invisible (left hand)
 k - a ring of flight
 q - a +6 ring of dexterity (right hand)
 x - an amulet of guardian spirit (around neck)
Wands
 d - a wand of flame (15)
 p - a wand of digging (3)
Scrolls
 g - a scroll of enchant armour
 v - a scroll of magic mapping
Potions
 f - a potion of berserk rage
 i - 2 potions of curing
 j - a potion of invisibility
 l - a potion of flight
 n - a potion of mutation
 o - a potion of haste
 s - a potion of ambrosia {unknown}
 w - a potion of degeneration {unknown}


   Skills:
 + Level 4.8 Fighting
 + Level 5.5 Axes
 + Level 5.6 Armour
 + Level 1.3 Dodging
 + Level 5.4 Shields
 * Level 2.9 Evocations


You had 7 spell levels left.
You didn't know any spells.
Your spell library contained the following spells:

 Spells                   Type           Power      Damage    Failure   Level
 Shock                    Conj/Air       0%         1d3       100%        1
 Blink                    Tloc           N/A        N/A       100%        2
 Swiftness                Air            0%         N/A       100%        3
 Airstrike                Air            0%         N/A       100%        4
 Manifold Assault         Tloc           0%         N/A       100%        5
 Storm Form               Tmut/Air       0%         N/A       100%        7


Dungeon Overview and Level Annotations

Branches:
Dungeon (6/15)
 Temple: D:4-7

Altars:
Yredelemnul

Shops:
D:2 *:


Innate Abilities, Weirdness & Mutations

You are immune to sickness and miasma.
Your stone body is resilient. (AC +5)
You are immune to poison.
You resist negative energy. (rN+)
You are resistant to electric shocks. (rElec)
You are resistant to unholy torment.
You are immune to petrification.
You expend magic power (3 MP) to strengthen your wands.


Message History

You are engulfed in a cloud of scalding steam.
The steam dragon bites you but does no damage.
The steam dragon claws you but does no damage.
You slash the steam dragon!
The steam dragon is moderately wounded.
You are engulfed in a cloud of scalding steam.
You block the steam dragon's attack. x2
You hit the steam dragon.
The steam dragon is heavily wounded.
The steam dragon bites you. You block the steam dragon's attack.
The steam dragon breathes steam at you. The ball of steam hits you!
* * * LOW HITPOINT WARNING * * *
You slash the steam dragon!
The steam dragon is severely wounded.
You are engulfed in a cloud of scalding steam.
* * * LOW HITPOINT WARNING * * *
You block the steam dragon's attack. The steam dragon barely misses you.
You hit the steam dragon.
The steam dragon is almost dead.
The steam dragon bites you.
* * * LOW HITPOINT WARNING * * *
The steam dragon claws you but does no damage.
A scorpion comes into view.
You block the steam dragon's attack. The steam dragon barely misses you.
You feel better. The steam dragon barely misses you.
The steam dragon claws you but does no damage.
You completely miss the steam dragon.
The steam dragon is almost dead.
You block the steam dragon's attack. The steam dragon claws you.
* * * LOW HITPOINT WARNING * * *
You barely miss the steam dragon.
The steam dragon is almost dead.
You block the steam dragon's attack.
The steam dragon claws you but does no damage.
You closely miss the steam dragon.
The steam dragon is almost dead.
The steam dragon breathes steam at you. The ball of steam hits you!!
You die...

##...##.....##
###.########
#...## #.#..#
#.##.##
#.....#
#####.###
#...#####
#..@Ds..#
###.###.# #.#
#.# #.# #.#
... #..


You could see a steam dragon (catching breath) and a scorpion.

Vanquished Creatures
  Sigmund (D:2)
  A sky beast (D:4)
  An ice beast (D:6)
  A necrophage (D:4)
  An ogre (D:5)
  A wyvern skeleton (D:3)
  The ghost of TheBeaver the Ruffian, a weakling DrMo (D:2)
  A howler monkey (D:5)
  2 bullfrog zombies (D:3)
  An orc priest (D:5)
  A gnoll shaman (D:4)
  3 orc wizards (D:5)
  Natasha (thrice) (D:4)
  An iguana (D:4)
  A hound skeleton (D:5)
  14 gnolls
  An adder zombie (D:5)
  2 worms
  A dart slug (D:1)
  8 orcs
  5 endoplasms
  5 giant cockroaches
  4 goblins
  5 hobgoblins
  9 jackals
  3 quokkas
  3 ball pythons
  6 bats
  5 frilled lizards
  4 kobolds
  6 rats
101 creatures vanquished.

Notes
Turn   | Place    | Note
-------+----------+-------------------------------------------
     0 | D:1      | bande the Gargoyle Fighter began the quest for the Orb.
     0 | D:1      | Reached XP level 1. HP: 14/14 MP: 1/1
    32 | D:1      | Found a faded altar of an unknown god.
   203 | D:1      | Reached XP level 2. HP: 19/19 MP: 2/2
   592 | D:2      | Reached XP level 3. HP: 20/24 MP: 3/3
   880 | D:2      | Found Idygg's Assorted Antiques.
  1095 | D:2      | Reached XP level 4. HP: 4/29 MP: 4/4
  1462 | D:2      | Found Lasoakath's Book Shoppe.
  1508 | D:2      | Noticed Sigmund
  1519 | D:2      | Killed Sigmund
  1520 | D:2      | Reached XP level 5. HP: 2/33 MP: 5/5
  1520 | D:2      | Reached XP level 6. HP: 3/38 MP: 6/6
  1978 | D:2      | Found a basalt altar of Yredelemnul.
  2473 | D:3      | Found a runed translucent gate.
  2474 | D:3      | Found a runed translucent gate.
  2474 | D:3      | Found a runed translucent gate.
  2474 | D:3      | Noticed TheBeaver's ghost (weakling DrMo)
  3183 | D:3      | You fall into a shaft and drop 2 floors!
  3183 | D:5      | Entered Level 5 of the Dungeon
  3449 | D:2      | Killed TheBeaver's ghost
  4022 | D:3      | Reached skill level 1 in Evocations
  4025 | D:3      | Reached XP level 7. HP: 35/43 MP: 7/7
  4282 | D:4      | Gained mutation: You expend magic power (3 MP) to
                  | strengthen your wands. [potion of mutation]
  4285 | D:4      | Noticed Natasha
  4290 | D:4      | Killed Natasha
  4303 | D:4      | Reached skill level 1 in Dodging
  5221 | D:4      | Reached skill level 5 in Armour
  5402 | D:4      | Noticed Natasha
  5412 | D:4      | Killed Natasha
  5413 | D:4      | Reached skill level 5 in Shields
  5539 | D:4      | Noticed Natasha
  5544 | D:4      | Killed Natasha
  6057 | D:4      | Reached skill level 5 in Axes
  6057 | D:4      | Reached XP level 8. HP: 26/48 MP: 8/8
  7255 | D:6      | Killed from afar by a steam dragon

Illustrated notes

Levels and vault maps discovered:
D:1:      lemuel_arrival_cross, layout_rooms,
          dreamdust_ecumenical_altar_angels_and_demons
D:2:      minmay_alternating_diamond, layout_basic, serial_shops, shop,
          nicolae_shop_statue_plus, basic_altar, minmay_pentomino_s2,
          uniq_sigmund
D:3:      layout_basic, gammafunk_ghost_necromancy, minmay_crystal_room
D:4:      layout_basic, uniq_natasha
D:5:      layout_loops_ring
D:6:      layout_rooms

Skill      XL: |  1  2  3  4  5  6  7 |
---------------+----------------------+-----
Axes           | 2 3 4 5 |  5.5
Fighting       | 4 |  4.8
Armour         | 4 5 |  5.6
Shields        | 4 5 |  5.4
Evocations     | 1 2 |  2.9
Dodging        | 1 |  1.3

Action                   |  1- 3 |  4- 6 |  7- 9 || total
-------------------------+-------+-------+-------++-------
Melee: War axe           |    92 |   104 |   176 ||   372
  Use: Potion            |       |     1 |     2 ||     3
       Scroll            |       |     5 |     7 ||    12
Armor: Scale mail        |    58 |    10 |       ||    68
       Chain mail        |       |    64 |   114 ||   178
Dodge: Dodged            |    35 |    32 |    54 ||   121
Block: Kite shield       |    54 |    76 |   122 ||   252
